 Dungeon Crawl Stone Soup version 0.31-a0-836-g3ceb0a68c4 (webtiles) character file.

Game seed: 10538135389320024397

114 PimpSugar the Magician (level 5, -6/37 HPs)
             Began as a Djinni Hedge Wizard on Sept 26, 2023.
             Mangled by Edmund
             ... wielding a +4 dire flail of protection
              (8 damage)
             ... on level 4 of the Dungeon.
             The game lasted 00:08:43 (2130 turns).

PimpSugar the Magician (Djinni Hedge Wizard)        Turns: 2130, Time: 00:08:44

Health: -6/37      AC:  5    Str:  9    XL:     5   Next: 18%
Gold:   143        EV: 12    Int: 17    God:
                   SH:  0    Dex: 13

rFire   + + .        a - +0 dagger
rCold   x . .        (no shield)
rNeg    . . .        b - +0 robe
rPois   ∞            j - +1 hat
rElec   .            e - +1 cloak
rCorr   .            (no gloves)
SInv    .            (boots unavailable)
Will    .....        (no amulet)
Stlth   ++           (no ring)
HPRegen 0.26/turn    (no ring)
MPRegen 0.00/turn

%: infuse magic (-7 HP)
@: flying, very slightly contaminated, hasted, very quick
A: sickness immunity, fire resistance 2, cold vulnerability 1, float, innate
caster, HP casting, extra vitality 1
a: no special abilities


You were on level 4 of the Dungeon.
You visited 1 branch of the dungeon, and saw 4 of its levels.

You collected 143 gold pieces.

Inventory:

Hand Weapons
 a - a +0 dagger (weapon)
Missiles
 f - 66 stones
 g - 9 javelins
 k - 6 poisoned darts
Armour
 b - a +0 robe (worn)
 c - a +0 hat
 e - a +1 cloak (worn)
 j - a +1 hat (worn)
Jewellery
 d - an amulet of guardian spirit
 m - a ring of protection from fire
Scrolls
 i - a scroll of vulnerability


   Skills:
 + Level 1.1 Fighting
 + Level 2.8 Dodging
 + Level 2.1 Stealth
 * Level 3.3 Spellcasting
 * Level 3.3 Conjurations
 * Level 3.3 Hexes
   Level 0.0 Charms
 * Level 3.3 Summonings
 * Level 3.3 Necromancy
 * Level 3.3 Translocations
 * Level 3.3 Transmutations
 * Level 3.3 Fire Magic
 * Level 3.3 Ice Magic
 * Level 3.3 Air Magic
 * Level 3.3 Earth Magic
 * Level 3.3 Poison Magic
 + Level 1.1 Invocations
 + Level 1.1 Evocations
 + Level 0.9 Shapeshifting


You knew the following spells:

 Your Spells              Type           Power      Damage    Failure   Level
a - Magic Dart            Conj           56%        1d5       4%          1
b - Call Imp              Summ           28%        N/A       7%          2
c - Mephitic Cloud        Conj/Pois/Air  14%        N/A       13%         3
d - Slow                  Hex            56%        N/A       4%          1
e - Blink                 Tloc           28%        N/A       7%          2
f - Scorch                Fire           28%        2d6       7%          2
s - Shock                 Conj/Air       56%        1d6       4%          1
Your spell library was empty.

Dungeon Overview and Level Annotations

Branches:
Dungeon (4/15)
 Temple: D:4-7

Altars:

Annotations:
D:4 Edmund


Innate Abilities, Weirdness & Mutations

You are immune to sickness and miasma.
You are immune to poison.
Your flesh is very heat resistant. (rF++)
You are vulnerable to cold. (rC-)
You float through the air rather than walking.
You learn spells naturally, not from books.
Your magical power is your life essence.
You have superior vitality. (+4 MHP)


Message History

Confirm with . or Enter, or press ? or * to list all spells.
Flames lash Edmund but do no damage.
Casting: Scorch (safe; 7% risk of failure)
Confirm with . or Enter, or press ? or * to list all spells.
Flames lash Edmund but do no damage.
Edmund hits you but does no damage.
Casting: Scorch (safe; 7% risk of failure)
Confirm with . or Enter, or press ? or * to list all spells.
Flames lash Edmund.
Edmund is lightly wounded.
Edmund's fire resistance burns away.
Edmund ponders the situation.
Edmund hits you with a +4 dire flail of protection.
Casting: Scorch (safe; 7% risk of failure)
Confirm with . or Enter, or press ? or * to list all spells.
Flames lash Edmund.
Edmund is lightly wounded.
Edmund barely misses you.
Edmund hits himself with a +4 dire flail of protection!
Unknown command.
Casting: Scorch (safe; 7% risk of failure)
Confirm with . or Enter, or press ? or * to list all spells.
You miscast Scorch.
Nothing appears to happen.
Unknown command.
You feel yourself speed up.
You hit Edmund.
Edmund is moderately wounded.
You hit Edmund but do no damage.
Edmund is moderately wounded.
Edmund hits you with a +4 dire flail of protection!
* * * LOW HITPOINT WARNING * * *
Edmund hits himself with a +4 dire flail of protection!
Edmund is no longer more vulnerable to fire.
You hit Edmund but do no damage.
Edmund is heavily wounded.
You hit Edmund but do no damage. You punch Edmund, but do no damage.
Edmund is heavily wounded.
You hit Edmund.
Edmund is heavily wounded.
Edmund hits you with a +4 dire flail of protection!
You die...

##.....##.#
.........#.#
.........#.#
...........#
...........
.........#
#......#
#......#
#...@<.#
##.@..##
#...## #####


You could see Edmund (confused).

Vanquished Creatures
  Natasha (D:2)
  3 adders
  A worm (D:3)
  5 bats
  7 endoplasms
  A giant cockroach (D:2)
  6 hobgoblins
  2 jackals (D:3)
  7 kobolds
  4 quokkas
  2 ball pythons
  3 frilled lizards
  3 goblins
  4 rats
49 creatures vanquished.

Vanquished Creatures (collateral kills)
  A giant cockroach (D:2)
  A goblin (D:1)
  3 hobgoblins (D:1)
  A kobold (D:1)
6 creatures vanquished.

Grand Total: 55 creatures vanquished

Notes
Turn   | Place    | Note
-------+----------+-------------------------------------------
     0 | D:1      | PimpSugar the Djinni Hedge Wizard began the quest for the
                  | Orb.
     0 | D:1      | PimpSugar set off with the following spells memorised:
                  | Magic Dart, Slow, Blink, Call Imp, Mephitic Cloud.
     0 | D:1      | Reached XP level 1. HP: 15/15 MP: 0/0
   134 | D:1      | Reached XP level 2. HP: 20/21 MP: 0/0
   159 | D:1      | Found a faded altar of an unknown god.
   293 | D:1      | Got a moth-eaten book
   347 | D:1      | Reached XP level 3. HP: 25/26 MP: 0/0
   347 | D:1      | Learned a level 1 spell: Shock
  1066 | D:2      | Noticed Natasha
  1081 | D:2      | Killed Natasha
  1082 | D:2      | Reached XP level 4. HP: 13/31 MP: 0/0
  1430 | D:3      | Reached skill level 1 in Fighting
  1430 | D:3      | Reached skill level 1 in Invocations
  1430 | D:3      | Reached skill level 1 in Evocations
  1735 | D:3      | Reached XP level 5. HP: 28/37 MP: 0/0
  1735 | D:3      | Learned a level 2 spell: Scorch
  2113 | D:4      | Noticed Edmund
  2124 | D:4      | HP: 1/37 [Edmund/+4 dire flail of protection (15)]
  2130 | D:4      | Mangled by Edmund

Illustrated notes

Levels and vault maps discovered:
D:1:      orjb1_lava_funnel, layout_rooms, shapermc_ecumenical_altar_rom_forum
D:2:      layout_basic, kennysheep_generic_room_4, uniq_natasha
D:3:      layout_basic
D:4:      layout_layer_cave, uniq_duvessa, uniq_menkaure,
          uniq_crazy_yiuf_cottage, uniq_edmund

Skill      XL: |  1  2  3  4 |
---------------+-------------+-----
Spellcasting   | 3 |  3.3
Conjurations   | 3 |  3.3
Hexes          | 3 |  3.3
Summonings     | 3 |  3.3
Necromancy     | 3 |  3.3
Translocations | 3 |  3.3
Transmutations | 3 |  3.3
Fire Magic     | 3 |  3.3
Ice Magic      | 3 |  3.3
Air Magic      | 3 |  3.3
Earth Magic    | 3 |  3.3
Poison Magic   | 3 |  3.3
Stealth        | 2 |  2.1
Fighting       | 1 |  1.1
Invocations    | 1 |  1.1
Evocations     | 1 |  1.1
Dodging        | |  2.8
Shapeshifting  | |  0.9

Action                     |  1- 3 |  4- 6 || total
---------------------------+-------+-------++-------
  Melee: Dagger            |    62 |    36 ||    98
         Punch             |       |     1 ||     1
   Cast: Magic Dart        |    17 |       ||    17
         Call Imp          |     4 |       ||     4
         Blink             |     1 |       ||     1
         Shock             |    23 |    35 ||    58
         Slow              |     1 |       ||     1
         Scorch            |       |    11 ||    11
         Mephitic Cloud    |       |     1 ||     1
    Use: Scroll            |     3 |     3 ||     6
         Potion            |       |     1 ||     1
 Armour: Robe              |    43 |    38 ||    81
  Dodge: Dodged            |    42 |    22 ||    64

Table legend: (Time is in decaauts)
 A = Elapsed time spent in this place.
 B = Non-inter-level travel time spent in this place.
 C = Inter-level travel time spent in this place.
 D = Time resting spent in this place.
 E = Time spent auto-exploring this place.
 F = Levels seen in this place.
 G = Mean time per level.
                   A        B        C        D        E       F      G
               +--------+--------+--------+--------+--------+-----+--------+
         Total |   2126 |   2038 |     88 |    231 |   1170 |   4 |  531.5 |
       Dungeon |   2126 |   2038 |     88 |    231 |   1170 |   4 |  531.5 |
               +--------+--------+--------+--------+--------+-----+--------+

Top non-repeatable levels by time:
     D:3: 793 daAuts
     D:2: 662 daAuts
     D:1: 656 daAuts
     D:4: 14 daAuts
